Map: Neon Violet Square LE

Players

Scarlett - Winner!

  • Race: Zerg Zerg
  • League: Master
  • Spawn Location: 5:00

ShoWTimE

  • Race: Protoss Protoss
  • Spawn Location: 11:00

Event: WESG 2017 Haikou

VOD

Have the link to the VOD?

Description

Time

  • Played on: March 16, 2018, 1:34 a.m.
  • Length: 23:20

All games in this series

Show
View Real Time Build Order
Export as new Build Order

Scarlett Zerg - Winner!

Build Orders: Hatch First, Lurkers, Roach Hydra 

Get SALT Encoding   

  12  0:00  Drone  
  13  0:12  Overlord  
  13  0:17  Drone  
  14  0:30  Drone x2  
  14  0:34  Drone  
  17  0:51  Hatchery  
  17  0:55  Drone  
  17  0:58  Drone  
  18  1:06  Extractor  
  17  1:13  Spawning Pool  
  17  1:16  Drone  
  17  1:20  Drone  
  18  1:29  Drone  
  19  1:40  Drone  
  20  1:49  Overlord  
  20  1:59  Queen  
  22  2:02  Queen  
  22  2:04  Drone, Zergling x2  
  26  2:09  Metabolic Boost  
  26  2:12  Drone  
  26  2:15  Zergling x2  
  28  2:22  Drone  
  29  2:25  Drone  
  30  2:34  Drone  
  30  2:36  Drone  
  32  2:45  Overlord  
  32  2:46  Hatchery  
  32  2:48  Drone  
  32  2:54  Drone  
  32  2:57  Drone  
  34  3:00  Queen  
  36  3:06  Drone  
  36  3:08  Drone x2  
  36  3:09  Drone  
  40  3:20  Overlord  
  40  3:21  Queen  
  40  3:22  Spore Crawler  
  41  3:27  Drone x2  
  41  3:33  Drone  
  44  3:35  Overlord  
  44  3:41  Drone x3  
  46  3:47  Overlord  
  47  3:52  Overlord  
  47  3:56  Queen  
  47  3:57  Drone x3  
  52  4:05  Drone  
  52  4:06  Drone x2  
  54  4:13  Drone x5, Overlord  
  59  4:18  Lair  
  59  4:26  Spore Crawler  
  58  4:31  Drone  
  58  4:32  Drone x2, Extractor x2  
  58  4:34  Roach Warren, Drone x2  
  58  4:37  Drone  
  58  4:38  Drone  
  62  4:40  Drone x2  
  62  4:43  Drone x2  
  66  4:50  Overlord  
  66  4:51  Drone x2  
  68  4:55  Drone x3  
  71  5:03  Drone, Extractor  
  71  5:05  Extractor  
  70  5:07  Overlord  
  70  5:11  Drone  
  70  5:12  Drone x6  
  77  5:20  Roach x3, Glial Reconstitution  
  82  5:24  Evolution Chamber  
  82  5:27  Roach  
  82  5:28  Roach x2  
  87  5:38  Roach  
  87  5:39  Roach x2  
  93  5:45  Drone x3  
  93  5:49  Hydralisk Den, Roach  
  97  5:50  Overlord x3  
  97  5:51  Hatchery  
  97  5:55  Zerg Missile Weapons Level 1  
  97  5:56  Extractor  
  95  6:00  Overseer  
  95  6:03  Drone x3  
  98  6:10  Roach  
  98  6:11  Roach  
  102  6:13  Drone  
  102  6:14  Drone  
  102  6:16  Roach x2  
  108  6:22  Extractor  
  108  6:23  Extractor  
  106  6:33  Hydralisk x7  
  106  6:34  Muscular Augments  
  106  6:37  Drone x2, Lurker Den  
  120  6:40  Infestation Pit  
  120  6:43  Drone x2  
  120  6:44  Overlord  
  120  6:45  Overlord  
  121  6:54  Hatchery  
  121  6:56  Drone  
  121  7:06  Drone x6  
  127  7:11  Roach  
  127  7:12  Roach x7  
  141  7:28  Roach x3  
  141  7:29  Overlord  
  137  7:43  Drone x2, Hive  
  137  7:44  Drone x6  
  140  7:46  Overlord  
  140  7:49  Drone x3  
  140  7:50  Drone x2  
  148  7:52  Zerg Missile Weapons Level 2  
  148  7:58  Hydralisk, Evolution Chamber  
  147  7:59  Grooved Spines  
  147  8:04  Hydralisk x2  
  153  8:06  Queen  
  155  8:16  Lurker x7  
  155  8:17  Hydralisk  
  164  8:21  Overlord  
  164  8:23  Overlord x2  
  164  8:25  Overlord  
  164  8:26  Drone  
  165  8:30  Zerg Ground Armor Level 1  
  165  8:33  Overseer  
  165  8:34  Pneumatized Carapace  
  165  8:38  Spine Crawler, Drone  
  165  8:42  Drone x2  
  165  8:45  Hydralisk x2  
  165  8:47  Extractor  
  170  8:48  Hydralisk  
  170  8:50  Extractor  
  170  8:51  Hydralisk  
  170  8:52  Hydralisk  
  175  9:00  Spore Crawler  
  175  9:02  Spine Crawler  
  173  9:03  Hydralisk x2, Adaptive Talons  
  173  9:06  Hydralisk  
  173  9:07  Hydralisk  
  181  9:12  Hydralisk  
  181  9:13  Hydralisk x2  
  184  9:24  Hydralisk  
  184  9:25  Hydralisk x4  
  192  9:44  Lurker x5  
  197  9:52  Spine Crawler  
  196  9:56  Overseer  
  196  10:04  Overlord x2  
  196  10:05  Lurker  
  194  10:24  Hydralisk x3  
  151  10:38  Hydralisk  
  151  10:39  Hydralisk x20  
  188  10:46  Zerg Missile Weapons Level 3  
  188  10:47  Drone x3  
  178  10:58  Zerg Ground Armor Level 2  
  178  11:01  Drone x3  
  178  11:02  Drone x3  
  179  11:08  Hydralisk x3  
  179  11:10  Queen  
  187  11:15  Overseer  
  187  11:28  Hydralisk x3  
  187  11:29  Hydralisk  
  187  11:32  Hatchery  
  194  12:03  Spire  
  193  12:11  Lurker x6  
  193  12:12  Hydralisk  
  174  12:31  Hydralisk x14  
  174  12:32  Hydralisk  
  197  12:37  Overseer x4  
  193  12:58  Hydralisk  
  193  12:59  Hydralisk x2  
  183  13:17  Hydralisk  
  183  13:18  Corruptor x7, Zerg Flyer Weapons Level 1  
  172  13:36  Hydralisk  
  172  13:37  Hydralisk x2  
  172  13:40  Overlord  
  127  14:01  Corruptor x6  
  127  14:02  Overlord x3  
  129  14:10  Overlord x4  
  129  14:17  Hydralisk  
  129  14:18  Hydralisk  
  129  14:26  Drone x3  
  132  14:32  Drone x2, Overseer  
  132  14:33  Overseer  
  132  14:37  Lurker  
  132  14:38  Lurker x3  
  138  14:39  Corruptor x5, Lurker  
  138  14:43  Zergling x14  
  138  14:44  Lurker  
  157  14:50  Overseer  
  157  14:57  Hydralisk x6  
  169  15:06  Overlord x2  
  169  15:07  Hydralisk x5  
  177  15:18  Corruptor x3  
  183  15:23  Greater Spire  
  179  15:42  Corruptor x5  
  166  15:52  Hydralisk x6  
  128  16:11  Corruptor x4  
  128  16:12  Corruptor  
  138  16:23  Zerg Melee Weapons Level 1, Hatchery  
  137  16:27  Hydralisk x7  
  137  16:29  Drone  
  137  16:30  Drone, Extractor  
  137  16:31  Extractor  
  151  16:36  Drone x2  
  151  16:38  Lurker  
  151  16:39  Lurker x2  
  156  16:46  Hydralisk x4  
  164  16:51  Zerg Flyer Weapons Level 2  
  164  17:09  Hydralisk x7  
  164  17:11  Overlord  
  178  17:20  Overlord x3  
  178  17:21  Overseer x2  
  172  17:35  Drone, Zerg Ground Armor Level 3  
  172  17:36  Ultralisk Cavern  
  172  17:54  Hydralisk x6  
  172  17:55  Hydralisk x5  
  191  18:37  Chitinous Plating, Zerg Melee Weapons Level 2  
  191  18:40  Ultralisk x2  
  150  18:59  Hydralisk x18  
  163  19:03  Hydralisk x2  
  167  19:15  Ultralisk, Hydralisk x2  
  177  19:17  Hydralisk  
  177  19:20  Overseer, Lurker  
  180  19:26  Zerg Flyer Armor Level 1  
  180  19:37  Viper  
  180  19:38  Viper, Overlord x2  
  186  19:57  Lurker  
  187  20:03  Corruptor x2  
  187  20:25  Spine Crawler  
  187  20:26  Spine Crawler  
  185  20:41  Brood Lord x2  
  185  20:42  Corruptor x3, Brood Lord x2  
  193  20:49  Spine Crawler  
  198  20:53  Overseer x2  
  194  21:58  Hydralisk x9  
  177  22:02  Hydralisk x6  
  177  22:04  Hydralisk  
  177  22:05  Hydralisk x12  
  154  22:16  Hydralisk  
  154  22:17  Hydralisk x7  
  154  22:18  Brood Lord x3  
  154  22:20  Extractor, Zergling x2  
  154  22:21  Extractor  
  176  22:22  Drone  
  176  22:23  Drone x2  
  176  22:28  Brood Lord, Queen x2  
  176  22:29  Queen x2  
  188  22:35  Hydralisk x2, Hatchery  
  188  22:36  Zergling x10  
  196  22:40  Overseer  
  196  22:47  Zergling x8  
Show
View Real Time Build Order
Export as new Build Order

ShoWTimE Protoss 

Build Orders: 1 Gate Expand, Oracle Opening, Phoenix Opening, Archon Immortal, Zealot Archon, Archon Drop 

Get SALT Encoding   

  12  0:00  Probe  
  13  0:12  Probe  
  14  0:19  Pylon  
  14  0:24  Probe (Chrono Boost)  
  15  0:37  Probe (Chrono Boost)  
  15  0:39  Gateway  
  16  0:46  Probe (Chrono Boost)  
  16  0:48  Assimilator  
  17  0:51  Probe  
  18  1:03  Probe  
  19  1:15  Probe  
  20  1:27  Nexus  
  20  1:38  Cybernetics Core  
  20  1:41  Probe  
  20  1:46  Assimilator  
  21  1:53  Probe  
  22  1:56  Pylon  
  22  2:05  Probe  
  23  2:12  Adept (Chrono Boost)  
  25  2:17  Probe  
  25  2:20  Stargate  
  26  2:27  Warp Gate  
  26  2:29  Probe (Chrono Boost)  
  27  2:33  Adept  
  29  2:39  Probe (Chrono Boost)  
  29  2:41  Probe (Chrono Boost)  
  31  2:48  Probe (Chrono Boost)  
  31  2:49  Probe (Chrono Boost)  
  33  2:53  Probe (Chrono Boost)  
  33  2:55  Probe  
  35  3:03  Oracle (Chrono Boost)  
  35  3:05  Probe  
  36  3:07  Probe  
  40  3:14  Pylon  
  40  3:17  Probe  
  42  3:20  Probe  
  42  3:26  Gateway  
  42  3:29  Probe  
  42  3:32  Probe  
  42  3:33  Phoenix  
  46  3:39  Adept  
  48  3:41  Probe  
  49  3:55  Nexus  
  49  3:57  Probe  
  49  3:58  Probe  
  49  4:02  Assimilator  
  51  4:06  Assimilator  
  51  4:09  Probe  
  52  4:12  Robotics Facility  
  52  4:15  Pylon  
  52  4:17  Probe  
  53  4:21  Probe  
  54  4:33  Probe x2  
  54  4:35  Forge, Twilight Council  
  56  4:39  Pylon  
  58  4:45  Probe x2  
  58  4:47  Gateway  
  58  4:50  Gateway  
  58  4:57  Probe x2, Warp Prism (Chrono Boost)  
  58  4:58  Charge (Chrono Boost)  
  60  5:06  Protoss Ground Weapons Level 1 (Chrono Boost)  
  62  5:08  Probe  
  62  5:09  Probe x2  
  65  5:18  Templar Archives  
  65  5:21  Probe, Pylon  
  66  5:23  Probe  
  66  5:24  Probe  
  68  5:33  Gateway  
  68  5:34  Probe  
  68  5:35  Probe  
  70  5:39  Probe  
  70  5:41  Gateway  
  70  5:42  Gateway  
  71  5:46  Probe  
  72  5:50  Probe  
  72  5:51  Gateway  
  72  5:54  High Templar  
  72  5:56  High Templar x3  
  81  6:00  Archon x2, Pylon  
  81  6:02  Assimilator  
  81  6:03  Probe  
  82  6:05  Assimilator  
  82  6:07  Probe  
  82  6:09  Pylon  
  83  6:11  Observer (Chrono Boost)  
  83  6:16  Shield Battery  
  83  6:17  Pylon  
  84  6:24  Immortal (Chrono Boost)  
  88  6:41  Zealot x3  
  88  6:42  Zealot x4  
  88  6:45  Pylon  
  102  6:49  Zealot  
  102  6:53  Pylon  
  104  6:56  Protoss Ground Weapons Level 2 (Chrono Boost), Pylon  
  104  6:59  Immortal (Chrono Boost)  
  104  7:00  Psionic Storm  
  108  7:16  Zealot x6  
  108  7:18  Zealot  
  118  7:28  Immortal (Chrono Boost)  
  118  7:36  High Templar x5  
  118  7:47  Pylon  
  118  7:49  Nexus  
  118  7:53  Pylon  
  118  7:56  High Templar x2  
  122  8:03  Pylon  
  122  8:04  Photon Cannon  
  122  8:05  Archon  
  122  8:06  Immortal (Chrono Boost), Pylon  
  122  8:08  Pylon  
  126  8:13  Photon Cannon  
  126  8:14  Shield Battery  
  126  8:19  Probe x2  
  129  8:20  Probe  
  129  8:21  Sentry  
  131  8:27  High Templar  
  131  8:28  Zealot x2, High Templar  
  131  8:33  Probe x2  
  142  8:34  Probe  
  142  8:35  Archon  
  142  8:36  Zealot  
  144  8:42  Immortal (Chrono Boost)  
  144  8:45  Probe  
  149  8:50  Assimilator  
  149  8:52  Assimilator  
  149  8:55  Protoss Ground Weapons Level 3 (Chrono Boost)  
  149  9:03  High Templar x2  
  149  9:04  Zealot x2  
  149  9:09  Archon  
  157  9:14  Zealot x3  
  161  9:25  Immortal  
  165  9:44  Fleet Beacon  
  165  9:45  Stargate  
  165  9:48  Zealot x6  
  165  9:49  Stargate  
  177  9:56  Photon Cannon  
  177  9:59  Pylon  
  177  10:02  Immortal (Chrono Boost)  
  173  10:33  Immortal (Chrono Boost)  
  143  10:37  Zealot x8  
  143  10:38  Mothership (Chrono Boost)  
  128  11:00  High Templar  
  128  11:01  High Templar x5  
  128  11:05  High Templar x2  
  128  11:09  Archon  
  134  11:11  Archon  
  134  11:14  Observer (Chrono Boost)  
  134  11:15  Robotics Facility  
  131  11:21  Photon Cannon x2  
  131  11:23  Pylon  
  131  11:27  Pylon  
  131  11:29  Immortal (Chrono Boost), High Templar x2  
  139  11:33  Archon, Gateway  
  139  11:35  Zealot x4, Gateway  
  147  11:47  Zealot x2  
  147  11:53  Observer (Chrono Boost)  
  152  12:00  Tempest x2 (Chrono Boost)  
  164  12:02  Zealot x2  
  166  12:11  Immortal  
  166  12:12  Zealot x3  
  176  12:16  Zealot  
  148  12:35  Zealot x5  
  146  12:37  Immortal  
  146  12:41  Zealot  
  150  12:54  Tempest  
  150  12:55  Tempest  
  162  13:00  Immortal (Chrono Boost)  
  162  13:03  Zealot  
  168  13:08  Zealot  
  168  13:09  Zealot  
  165  13:13  Zealot  
  165  13:17  Zealot x2  
  167  13:24  Zealot  
  167  13:25  Immortal (Chrono Boost)  
  161  13:37  Zealot  
  161  13:38  Zealot x3  
  151  13:49  Zealot x2  
  144  13:57  Carrier x2 (Chrono Boost)  
  129  14:09  Immortal (Chrono Boost)  
  141  14:13  Observer (Chrono Boost)  
  138  14:17  Archon  
  138  14:21  High Templar x3  
  138  14:23  Cybernetics Core  
  138  14:25  Archon  
  138  14:26  High Templar x3  
  144  14:34  Photon Cannon  
  144  14:36  Photon Cannon  
  144  14:38  Void Ray (Chrono Boost)  
  144  14:43  Graviton Catapult (Chrono Boost)  
  146  14:53  Observer  
  146  14:54  High Templar x2  
  146  14:58  Archon  
  146  14:59  High Templar x4  
  158  15:03  Archon  
  158  15:04  Archon, Shield Battery  
  158  15:05  Shield Battery  
  158  15:07  Void Ray (Chrono Boost)  
  162  15:24  Void Ray (Chrono Boost)  
  162  15:34  Photon Cannon  
  162  15:36  Zealot x4  
  162  15:42  Observer  
  169  15:43  Zealot x2  
  148  15:50  Zealot x2  
  148  15:54  Archon  
  148  15:55  Archon  
  130  16:04  Zealot x5  
  130  16:10  High Templar x3  
  136  16:15  Pylon  
  136  16:22  Nexus  
  136  16:24  High Templar x2  
  136  16:25  Protoss Air Weapons Level 1 (Chrono Boost)  
  140  16:33  Photon Cannon  
  140  16:36  High Templar x3  
  146  16:40  Archon  
  146  16:44  High Templar x3  
  152  16:48  Archon  
  152  16:49  Archon, Pylon  
  152  16:50  Void Ray (Chrono Boost)  
  156  16:55  Void Ray (Chrono Boost)  
  156  17:00  Oracle (Chrono Boost)  
  163  17:08  Zealot x2  
  154  17:23  Zealot x4  
  154  17:24  High Templar  
  164  17:30  Void Ray (Chrono Boost)  
  168  17:41  Void Ray (Chrono Boost)  
  168  17:44  Void Ray (Chrono Boost)  
  176  17:58  High Templar x2  
  176  18:03  Assimilator  
  177  18:05  Observer  
  177  18:06  Archon  
  177  18:11  Void Ray  
  178  18:15  Probe x4  
  176  18:24  Void Ray  
  175  18:35  Zealot  
  177  18:44  Assimilator  
  161  18:59  Immortal  
  143  19:16  Photon Cannon  
  143  19:19  Nexus  
  143  19:24  Pylon  
  143  19:26  High Templar x5  
  143  19:27  High Templar  
  143  19:30  Archon x2  
  155  19:34  Zealot  
  155  19:35  Pylon  
  163  19:53  Immortal (Chrono Boost)  
  163  19:54  Immortal (Chrono Boost)  
  165  20:01  High Templar x2  
  165  20:06  Archon  
  169  20:08  Shield Battery  
  169  20:09  Shield Battery  
  169  20:10  Shield Battery  
  169  20:16  Photon Cannon  
  169  20:22  Immortal (Chrono Boost)  
  169  20:28  Immortal (Chrono Boost)  
  173  20:35  Assimilator  
  177  20:37  Assimilator  
  177  20:39  Zealot  
  177  20:48  Zealot x2, Photon Cannon  
  181  20:53  Immortal (Chrono Boost)  
  185  21:01  Observer (Chrono Boost)  
  181  21:15  Immortal  
  185  21:22  High Templar x4  
  185  21:25  Immortal  
  197  21:26  Archon x2  
  195  21:59  Zealot x2  
  195  22:00  Zealot x6  
  178  22:04  Tempest x3 (Chrono Boost), Archon  
  127  22:23  Photon Cannon  
  127  22:25  High Templar x2  
  127  22:26  Zealot  
  127  22:27  Zealot x5  
  143  22:35  Photon Cannon  
  143  22:37  Tempest (Chrono Boost), Void Ray (Chrono Boost)  
  143  22:42  Void Ray (Chrono Boost)  
  157  22:44  Pylon  
  157  22:47  Nexus  
  157  22:51  Pylon  
  157  22:56  Zealot x4  
  125  23:07  Zealot x4  
Tags
 
Add a new tag
Caveats
  • Supply blocks, unpowered buildings, or Contaminate may cause inaccurate times.
  • Supply counts are checked every 10 seconds.